 Dungeon Crawl Stone Soup version 0.30.0-17-ge0270778cf (webtiles) character file.

Game seed: 13791009979065969517

4716536 EnegeticOcto the Wrestler (level 24, 235/235 (248) HPs)
             Began as a Meteoran Chaos Knight on May 21, 2023.
             Was a Favourite Plaything of Xom.
             Escaped with the Orb
             ... and 3 runes!
             The game lasted 01:56:34 (13791 turns).

EnegeticOcto the Wrestler (Meteoran Chaos Knight)  Turns: 13791, Time: 01:56:35

HP:   235/235 (248) AC:  8    Str: 19    XL:     24   Next: 61%
MP:   52/52         EV: 30    Int: 28    God:    Xom [..*...]
Gold: 807           SH: 10    Dex: 20    Spells: 19/53 levels left

rFire   + .          .
                       - Unarmed
rCold   + . .        O - +3 warlock's mirror {omnireflect}
rNeg    . . .        R - +2 robe {Archmagi}
rPois   +            K - +2 hat
rElec   .            E - scarf of Wafiamo {rC+ rF+, Will+ Str+2}
rCorr   +            (no gloves)
SInv    .            (no boots)
Will    +++++        F - amulet of regeneration
Stlth   +            C - +5 ring of evasion
HPRegen 2.19/turn    P - ring "Evel Riy" {rPois rCorr MP+9 Dex+6}
MPRegen 0.33/turn

%: reflection, archmagi
@: glowing, drained
A: sense surroundings 3, otherworldly, glowing, explore regen, horns 1,
iridescent scales 1, clever 2, strong-willed 2, regeneration 1, robust 1,
subdued magic 1, MP-powered wands
0: Orb of Zot
}: 3/15 runes: barnacled, silver, gossamer
a: Renounce Religion


You escaped.
You worshipped Xom.
You were a toy of Xom.
You visited 8 branches of the dungeon, and saw 44 of its levels.
You also visited: Ossuary, Gauntlet and Ice Cave.

You collected 2873 gold pieces.
You spent 2066 gold pieces at shops.

Inventory:

Hand Weapons
 t - a +8 dagger of freezing
   (You took it off a wight on level 4 of the Dungeon)
 G - a +0 spear of distortion
   (You took it off a faun on level 4 of the Shoals)
Missiles
 D - 3 curare-tipped darts (quivered)
Armour
 E - the scarf of Wafiamo (worn) {rC+ rF+, Will+ Str+2}
   (You acquired it on level 9 of the Dungeon)

   Str:       It affects your strength (+2).
   Will:      It increases your willpower.
 K - a +2 hat (worn)
   (You found it on level 4 of the Spider Nest)
 O - the +3 warlock's mirror (worn) {omnireflect}
   (You found it on level 1 of the Shoals)

   Omnireflect: It can block and reflect piercing ranged attacks and magical
   attacks against the wielder's willpower.
 R - a +2 robe of the Archmagi (worn)
   (You took it off an orc wizard on level 2 of the Orcish Mines)
Magical Staves
 I - a staff of air
   (You found it on level 6 of the Dungeon)
Jewellery
 d - the ring "Sant" {rPois SInv}
   (You found it in an ice cave)

   [ring of see invisible]

   rPois:     It protects you from poison.
   SInv:      It lets you see invisible.
 p - an amulet of reflection
   (You found it on level 3 of the Dungeon)
 C - a +5 ring of evasion (left hand)
   (You found it on level 3 of the Lair of Beasts)
 F - an amulet of regeneration (around neck)
   (You found it on level 13 of the Dungeon)
 P - the ring "Evel Riy" (right hand) {rPois rCorr MP+9 Dex+6}
   (You bought it in a shop on level 3 of the Shoals)

   [ring of dexterity]

   Dex:       It affects your dexterity (+6).
   rPois:     It protects you from poison.
   MP:        It affects your magic capacity (+9).
   rCorr:     It protects you from acid and corrosion.
 W - the ring of Tarchiur {rF+ rC- Will+ EV+5}
   (You found it on level 4 of the Shoals)

   [ring of evasion]

   EV:        It affects your evasion (+5).
   rF:        It protects you from fire.
   rC:        It makes you vulnerable to cold.
   Will:      It increases your willpower.
Wands
 a - a wand of mindburst (14)
   (You found it in a Gauntlet)
 w - a wand of polymorph (11)
   (You found it on level 4 of the Dungeon)
 y - a wand of digging (5) {@v3}
   (You found it on level 4 of the Shoals)
 Q - a wand of iceblast (74) {@v2}
   (You found it on level 9 of the Dungeon)
 T - a wand of charming (39)
   (You found it on level 10 of the Dungeon)
 X - a wand of light (14) {@v1}
   (You found it on level 1 of the Lair of Beasts)
Scrolls
 f - 2 scrolls of poison
 j - 2 scrolls of identify {@r1}
 l - 13 scrolls of teleportation {@r3 !r}
 m - 2 scrolls of fog {!r}
 n - 10 scrolls of fear {!r}
 o - 2 scrolls of summoning
 q - 5 scrolls of amnesia
 v - 4 scrolls of immolation
 z - 5 scrolls of vulnerability
 L - 3 scrolls of torment
 M - a scroll of silence {!r}
 U - 2 scrolls of enchant armour
Potions
 e - 6 potions of haste {@q4 !q}
 h - a potion of cancellation
 k - 3 potions of heal wounds {@q2 !q}
 r - 2 potions of brilliance
 s - 9 potions of might {@q3 !q}
 u - 9 potions of mutation
 x - 7 potions of curing {@q1 !q}
 A - 4 potions of magic
 B - 5 potions of flight
 J - 4 potions of ambrosia
 N - 9 potions of attraction
 S - a potion of resistance
 Y - 3 potions of lignification {@q6}
 Z - a potion of berserk rage
Miscellaneous
 b - a piece from Xom's chessboard (15/15)
 g - a condenser vane
   (You found it in an ice cave)
 i - a lightning rod (4/4)
   (You found it on level 5 of the Lair of Beasts)
 H - a phantom mirror
   (You found it on level 4 of the Spider Nest)
 V - a box of beasts
   (You found it on level 4 of the Shoals)


   Skills:
 + Level 20.8 Fighting
 - Level 2.4 Armour
 + Level 17.5 Dodging
 - Level 9.0 Shields
 + Level 21.8 Unarmed Combat
 - Level 15.0 Spellcasting
 - Level 13.2 Necromancy
 - Level 8.0 Translocations
 - Level 13.0 Transmutations
 - Level 3.0 Air Magic
 - Level 13.0 Earth Magic
 - Level 13.0 Evocations


You had 19 spell levels left.
You knew the following spells:

 Your Spells              Type           Power      Damage    Failure   Level
a - Apportation           Tloc           100%       N/A       1%          1
b - Statue Form           Tmut/Erth      55%        N/A       1%          6
c - Manifold Assault      Tloc           66%        N/A       1%          4
d - Vhi's Electric Charg  Tloc/Air       100%       N/A       1%          3
e - Lee's Rapid Deconstr  Erth           41%        3d20*     1%          5
f - Death Channel         Necr           41%        N/A       1%          6
p - Passwall              Tmut/Erth      69%        N/A       0%          2
M - Borgnjor's Vile Clut  Necr/Erth      41%        N/A       1%          5
Y - Blink                 Tloc           100%       N/A       1%          2

Your spell library contained the following spells:

 Spells                   Type           Power      Damage    Failure   Level
 Sandblast                Erth           100%       2d20      0%          1
 Foxfire                  Conj/Fire      96%        2x1d8     1%          1
 Freeze                   Ice            96%        1d10      1%          1
 Magic Dart               Conj           96%        1d7       1%          1
 Summon Small Mammal      Summ           96%        N/A       1%          1
 Lesser Beckoning         Tloc           100%       N/A       1%          2
 Momentum Strike          Conj/Tloc      100%       3d10      1%          2
 Gell's Gravitas          Tloc           66%        N/A       1%          3
 Stone Arrow              Conj/Erth      100%       3d13      1%          3
 Teleport Other           Tloc           66%        N/A       1%          3
 Animate Armour           Summ/Erth      100%       N/A       1%          4
 Animate Dead             Necr           83%        N/A       1%          4
 Leda's Liquefaction      Hex/Erth       30%        N/A       1%          4
 Call Imp                 Summ           48%        N/A       3%          2
 Scorch                   Fire           48%        2d7       3%          2
 Mephitic Cloud           Conj/Pois/Air  30%        N/A       4%          3
 Alistair's Intoxication  Tmut/Pois      40%        N/A       4%          5
 Call Canine Familiar     Summ           24%        N/A       7%          3
 Frozen Ramparts          Ice            48%        1d8       7%          3
 Hailstorm                Conj/Ice       24%        3d7       7%          3
 Ozocubu's Armour         Ice            24%        N/A       7%          3
 Summon Guardian Golem    Hex/Summ       24%        N/A       7%          3
 Summon Lightning Spire   Summ/Air       33%        N/A       13%         4
 Dispersal                Tloc           33%        N/A       13%         6
 Flame Wave               Conj/Fire      24%        2d8       24%         4
 Olgreb's Toxic Radiance  Pois           24%        N/A       24%         4
 Summon Ice Beast         Ice/Summ       24%        N/A       24%         4
 Simulacrum               Ice/Necr       30%        N/A       24%         6
 Arcjolt                  Conj/Air       16%        1d26      34%         5
 Fireball                 Conj/Fire      12%        3d7       56%         5
 Metabolic Englaciation   Hex/Ice        12%        N/A       56%         5
 Summon Mana Viper        Hex/Summ       24%        N/A       56%         5
 Plasma Beam              Fire/Air       16%        2x1d30    91%         6
 Starburst                Conj/Fire      12%        6d5       99%         6
 Summon Cactus Giant      Summ           12%        N/A       99%         6
 Monstrous Menagerie      Summ           12%        N/A       100%        7
 Ozocubu's Refrigeration  Ice            12%        4d10      100%        7
 Discord                  Hex            12%        N/A       100%        8
 Disjunction              Tloc           33%        N/A       100%        8
 Ignition                 Fire           12%        3d6       100%        8
 Maxwell's Capacitive Co  Air            21%        ∞         100%        8
 Dragon's Call            Summ           12%        N/A       100%        9
 Polar Vortex             Ice            12%        N/A       100%        9


Dungeon Overview and Level Annotations

Branches:
Dungeon (15/15)            Temple (0/1) D:6            Lair (5/5) D:8
 Shoals (4/4) Lair:3       Spider (4/4) Lair:3          Orc (2/2) D:11
    Elf (0/3) Orc:2        Vaults (5/5) D:14         Depths (4/4) D:15
    Zot (5/5) Depths:4    Ossuary (visited)           IceCv (visited)
Gauntlet (visited)
  Slime: Lair:4-5     Crypt: Vaults:2-3

Altars:
Ashenzari
Dithmenos
Elyvilon
Makhleb
Okawaru
Sif Muna
Xom
Zin
The Shining One

Shops:
D:5 *   D:8 ([[[   D:9 :   Orc:1 =   Orc:2 **??   Shoals:1 (:   Shoals:3 *[=
Vaults:4 *

Portals:
Hell: Depths:2 Depths:4

Annotations:
D:7 2 transporters, 1 runed translucent door, Crazy Yiuf; paps's ghost, novice OpSu
D:9 2 transporters
D:14 Roxanne
Lair:2 exclusion: 2 oklob plants
Lair:4 exclusion: oklob plant
Zot:5 1 exclusion


Innate Abilities, Weirdness & Mutations

You passively map a large area around you.
You are easily found by Zot.
You glow in the dark.
You regain HP and MP as you explore.
You have a pair of small horns on your head.
You are partially covered in iridescent scales. (AC +2)
Your mind is very acute. (Int +8, Str/Dex -2)
You are highly strong-willed. (Will++)
Your natural rate of healing is unusually fast.
You are robust. (+10% HP)
Your spells are a little easier to cast, but a little less powerful.
You expend magic power (3 MP) to strengthen your wands.


Message History

The large rock hits the cyclops!!
There is a stone staircase leading up here.
The cyclops throws a large rock.
The large rock hits you!!!
You climb upwards.
HP restored.
Found a club.
There is a stone staircase leading down here.
You open the door.
There is an open door here.
Casting: Vhi's Electric Charge (safe; 1% risk of failure)
Confirm with . or Enter, or press ? or * to list all spells.
You feel a surge of power!
You blink.
There is a stone staircase leading up here.
You climb upwards.
Level annotation: 2 transporters
There is a stone staircase leading down, spattered with blood here.
Things that are here:
a +0 robe; a +0 dagger
There is a stone staircase leading up here.
You climb upwards.
There is a stone staircase leading down here.
There is a stone staircase leading up here.
You climb upwards.
Level annotation: 2 transporters, 1 runed translucent door, Crazy Yiuf; paps's ghost, novice OpSu
There is a stone staircase leading down here.
There is a stone staircase leading up here.
The water nymph shouts!
You hear a croak.
You climb upwards.
There is a stone staircase leading down here.
Aiming: Dig
Press: ? - help, Shift-Dir - straight line This square is covered in magical glow.
You feel a surge of power!
The rock shatters into small pieces.
Casting: Blink (safe; 1% risk of failure)
Confirm with . or Enter, or press ? or * to list all spells.
Aiming: Passwall (safe; 0% risk of failure)
Press: ? - help, Dir - move target A rock wall.
This square is covered in magical glow.
You feel a surge of power!
You begin to meditate on the wall.
You continue meditating on the rock. x2
You finish merging with the rock.
There is a stone staircase leading up here.
You climb upwards.
There is a stone staircase leading down here.
Things that are here:
a +0 shortbow; a centaur skeleton
There is a stone staircase leading up here.
You climb upwards.
There is a stone staircase leading down here.
There is a stone staircase leading up here.
You climb upwards.
There is a stone staircase leading down here.
You see here a +0 dagger.
There is a stone staircase leading up here.
You climb upwards.
There is a stone staircase leading down here.
You block the rat's attack. The rat attacks as you move away!
The rat completely misses you. You block the rat's attack.
The rat attacks as you move away! The rat completely misses you.
The rat attacks as you move away! You block the rat's attack.
The rat attacks as you move away! You block the rat's attack.
There is a stone staircase leading up here.
You block the rat's attack.
You climb upwards.
There is a stone staircase leading down here.
You open the door. You block the rat's attack.
The rat attacks as you move away! You block the rat's attack.
There is an open door here.
You hit the rat. Your headbutt misses the rat.
The rat is heavily wounded.
The rat completely misses you.
You punch the rat!
You kill the rat!
You close the door.
Casting: Passwall (safe; 0% risk of failure)
Confirm with . or Enter, or press ? or * to list all spells.
You feel a surge of power!
You blink.
There is an open door here.
Blink to where?
Press: ? - help, Dir - move target
As you read the scroll of blinking {@r4}, it crumbles to dust.
Blink to where?
Press: ? - help, Dir - move target
As you read the scroll of blinking {@r4}, it crumbles to dust.
Aiming: Dig
Press: ? - help, Shift-Dir - straight line A rock wall.
This square is covered in magical glow.
You feel a surge of power!
The rock shatters into small pieces.
Blink to where?
Press: ? - help, Dir - move target An Orb Guardian comes into view.
As you read the scroll of blinking {@r4}, it crumbles to dust.
The Orb Guardian hits you.
Blink to where?
Press: ? - help, Dir - move target
As you read the scroll of blinking {@r4}, it crumbles to dust.
HP restored.
You have escaped!

#.##.##### *
##.. .##.# *
## , ,#... #
.... , .#*
*,#.## #.#..♣
*..** , #.##
*, ...♣♣♣♣♣.♣
*,#.##
♣♣.♣∩∩∩.♣♣* ,
* #.##
♣♣∩.....∩♣♣, *
#.#
,*♣∩..♣♣♣..∩♣*
, ,,#.# #,
♣∩..X@...∩♣*
*###'## #.
♣∩..♣♣♣..∩♣
#.....
#..♣♣∩.....∩♣♣
* #.....
>.♣♣♣♣∩.∩♣♣♣ *
#.....
**#.♣♣♣♣.♣♣*
,, #.....
*#..♣♣.♣♣..# *
#.....
#.......#
#####.
##.###### #8.
#†.# ###..


You could see an Orb Guardian.

Vanquished Creatures
  2 dread liches (Zot:5)
  3 ancient liches
  2 orbs of fire (Zot:5)
  A juggernaut (Depths:2)
  6 Killer Klowns
  A curse toe (Zot:5)
  2 golden dragons (Vaults:5)
  2 bone dragons (Depths:4)
  A lich (Vaults:5)
  7 tentacled monstrosities
  14 Orb Guardians (Zot:5)
  2 titans (Vaults:5)
  4 sphinxes
  2 quicksilver dragons
  Frances (D:14)
  3 death cobs
  Agnes (D:14)
  5 tengu reavers
  5 shadow dragons
  2 draconian monks
  3 storm dragons
  4 draconian knights (Zot:5)
  Donald (Shoals:2)
  2 frost giants (Vaults:5)
  6 emperor scorpions (Spider:4)
  Aizul (Shoals:1)
  3 fire giants
  6 vault wardens
  3 draconian scorchers
  5 ghost moths
  3 draconian shifters (Zot:5)
  2 orc warlords (Orc:2)
  5 ironbound preservers
  2 draconian annihilators
  3 broodmothers
  2 draconian stormcallers
  3 very ugly things
  6 stone giants
  A caustic shrike skeleton (Depths:2)
  A quicksilver ooze (Zot:3)
  2 ironbound thunderhulks
  11 black draconians
  A deep elf annihilator (Vaults:5)
  A deep elf demonologist (Vaults:5)
  A green draconian (Zot:2)
  4 purple draconians
  4 dire elephants (Vaults:1)
  10 yellow draconians
  A spark wasp (shapeshifter) (Vaults:5)
  3 white draconians
  2 minotaurs
  2 red draconians
  6 spark wasps
  Snorg (D:14)
  A deep elf death mage (Vaults:5)
  An ettin (shapeshifter) (Vaults:5)
  6 ettins
  2 merfolk javelineers
  Josephine (Shoals:1)
  4 entropy weavers
  2 merfolk impalers
  3 fire dragons
  A great orb of eyes (Vaults:1)
  A yaktaur captain (Vaults:1)
  4 ice dragons
  2 ironbound frosthearts (IceCv)
  2 deep elf high priests (Vaults:5)
  A merfolk avatar (Shoals:2)
  A hydra (Lair:3)
  27 vault guards
  A spriggan air mage (Depths:4)
  2 catoblepae
  A spriggan skeleton (Depths:2)
  4 two-headed ogres
  7 centaur warriors
  2 radroaches
  An anaconda (Lair:5)
  A jorogumo (Spider:4)
  A deep troll shaman (Depths:4)
  A two-headed ogre (shapeshifter) (Vaults:5)
  5 boulder beetles
  12 death yaks
  A merfolk aquamancer (Shoals:4)
  11 satyrs (Shoals:4)
  A deep troll earth mage (Depths:4)
  A tengu warrior (D:15)
  2 thrashing horrors (Gauntlet)
  2 hell knights
  4 sun demons (Shoals:2)
  3 skysharks
  7 pharaoh ants
  6 sea snakes
  A goliath frog (shapeshifter) (Vaults:5)
  5 skeletal warriors (D:14)
  A sun moth (Spider:3)
  An iron troll (Depths:4)
  2 phantasmal warriors (Vaults:5)
  11 orb spiders
  A wizard (Vaults:2)
  8 deep trolls
  4 ironbound convokers (Vaults:4)
  Pikel (D:7)
  3 orc sorcerers (Orc:2)
  3 deep elf pyromancers (D:13)
  7 steelbarb worms
  A necromancer (Depths:2)
  20 harpies
  8 orc knights (Orc:2)
  11 ugly things
  23 wolf spiders
  11 fauns
  5 cyclopes
  9 manticores
  5 black mambas (Lair:5)
  5 merfolk sirens
  3 elephants (Lair:3)
  10 moths of wrath
  3 vault sentinels
  A guardian serpent (Lair:5)
  An ice statue (IceCv)
  A smoke demon (Depths:3)
  4 water nymphs
  2 gargoyles
  5 torpor snails
  9 demonic crawlers
  8 cane toads
  2 efreet (D:13)
  4 rime drakes
  2 unseen horrors
  2 freezing wraiths
  2 komodo dragons (Lair:2)
  A tengu conjurer (D:15)
  9 trolls
  A meliai (Lair:3)
  15 merfolk
  11 polar bears (IceCv)
  A queen bee (Gauntlet)
  3 hornets
  A polar bear (shapeshifter) (D:14)
  20 tarantellas
  A tarantella (shapeshifter) (Spider:3)
  5 wind drakes
  6 saltlings (Orc:2)
  4 snapping turtles
  6 dream sheep
  18 culicivoras
  19 slime creatures
  4 flying skulls (Gauntlet)
  A ynoxinul (Zot:5)
  18 jumping spiders
  20 wyverns
  34 yaks
  5 wraiths
  5 water elementals
  A steam dragon (D:6)
  A chaos spawn (Zot:5)
  44 redbacks
  5 vampire mosquitoes
  3 basilisks (Lair:1)
  16 water moccasins
  2 acid dragons (D:13)
  3 wargs (Orc:2)
  A floating eye (shapeshifter) (Shoals:2)
  13 orc warriors
  A swamp drake (D:8)
  3 ice beasts
  2 small abominations (Gauntlet)
  A meliai simulacrum (D:13)
  A black bear (D:5)
  30 wolves
  4 ogres
  10 centaurs
  4 lemures (D:7)
  11 bullfrogs
  3 kobold brigands
  6 scorpions
  10 wights
  12 killer bees
  2 electric eels
  6 howler monkeys
  4 hounds
  10 orc priests
  A gnoll bouda (D:9)
  3 jellies
  8 orc wizards
  A sleepcap (D:7)
  An iguana (D:5)
  5 mummies (Ossuary)
  7 gnolls
  5 adders
  A white imp (D:5)
  2 ufetubi
  A worm (D:4)
  38 orcs
  6 ball pythons
  2 bats
  4 endoplasms
  6 goblins
  4 hobgoblins (D:1)
  13 kobolds
  4 quokkas
  5 frilled lizards
  3 gnoll zombies (Ossuary)
  A kobold zombie (Ossuary)
  3 rats
  A spectral weapon (Shoals:4)
1059 creatures vanquished.

Vanquished Creatures (collateral kills)
  An orb of fire (Zot:1)
  An ancient lich (Zot:5)
  An electric golem (Zot:5)
  An iron giant (Zot:5)
  8 Orb Guardians (Zot:5)
  A tentacled monstrosity (Zot:5)
  A titan (Vaults:5)
  A shadow dragon (Vaults:5)
  3 storm dragons
  A fire giant (Vaults:5)
  A draconian scorcher (Zot:5)
  A ghost moth (Zot:5)
  A deep elf sorcerer (Vaults:5)
  4 ironbound preservers (Vaults:5)
  2 very ugly things (Depths:4)
  A deep elf demonologist (Vaults:5)
  2 stone giants (Vaults:5)
  A purple draconian (Zot:1)
  2 green draconians
  A yellow draconian (Zot:5)
  2 black draconians
  2 white draconians
  2 yaktaur captains (Vaults:5)
  6 vault guards (Vaults:5)
  An ice dragon (Depths:4)
  A deep troll earth mage (Depths:4)
  An orc high priest (Orc:2)
  A hell knight (Vaults:5)
  A deep troll (Vaults:5)
  A faun (Shoals:4)
  4 ugly things (Depths:2)
  2 sphinx skeletons (Depths:2)
  2 moths of wrath (Zot:5)
  A vault sentinel (Vaults:5)
  A polar bear (IceCv)
  2 wyverns (Lair:5)
  A basilisk (Lair:5)
  A vampire mosquito (Spider:4)
  2 orc warriors (Orc:2)
  4 wights (D:4)
  An electric eel (Lair:3)
  An orc wizard (Orc:2)
  An endoplasm (D:4)
  A goblin (D:4)
77 creatures vanquished.

Vanquished Creatures (others)
  2 draconian knights (Zot:3)
  3 dancing weapons
  A cyclops (D:13)
  2 manticores
  A fire giant simulacrum (Depths:2)
  A culicivora (Spider:3)
10 creatures vanquished.

Grand Total: 1146 creatures vanquished

Notes
Turn   | Place    | Note
-------+----------+-------------------------------------------
     0 | D:1      | EnegeticOcto the Meteoran Chaos Knight began the quest for
                  | the Orb.
     0 | D:1      | Reached XP level 1. HP: 19/19 MP: 2/2
    32 | D:1      | Found a faded altar of an unknown god.
    96 | D:1      | Reached skill level 4 in Unarmed Combat
   121 | D:1      | Reached XP level 2. HP: 24/26 MP: 3/3
   121 | D:1      | XOM: silly message
   191 | D:1      | XOM: potion effect (brilliance)
   335 | D:2      | XOM: 4-stop teleportation journey
   368 | D:2      | Reached XP level 3. HP: 29/31 MP: 4/4
   511 | D:2      | XOM: smoke on damage
   614 | D:2      | Reached skill level 5 in Unarmed Combat
   620 | D:2      | XOM: summons 4 hostile shadow creatures
   778 | D:3      | Reached XP level 4. HP: 37/38 MP: 5/5
   992 | D:4      | Noticed a wight
  1002 | D:4      | XOM: cast spell 'Monstrous Menagerie'
  1006 | D:4      | Killed a wight
  1007 | D:4      | Reached skill level 6 in Unarmed Combat
  1007 | D:4      | Reached XP level 5. HP: 45/45 MP: 6/6
  1018 | D:4      | Found a burning altar of Makhleb.
  1023 | D:4      | Reached skill level 7 in Unarmed Combat
  1028 | D:4      | Reached XP level 6. HP: 51/51 MP: 7/7
  1037 | D:4      | Reached skill level 8 in Unarmed Combat
  1100 | D:4      | Reached XP level 7. HP: 57/57 MP: 8/8
  1108 | D:4      | XOM: polymorph gnoll -> kobold
  1316 | D:4      | Reached skill level 9 in Unarmed Combat
  1394 | D:4      | Found a sand-covered staircase.
  1399 | Ossuary  | Entered an ossuary
  1625 | D:5      | Entered Level 5 of the Dungeon
  1663 | D:5      | Reached skill level 10 in Unarmed Combat
  1663 | D:5      | Reached XP level 8. HP: 63/63 MP: 9/9
  1696 | D:5      | Found a broken altar of Ashenzari.
  1705 | D:5      | XOM: give mutations
  1705 | D:5      | Gained mutation: You have a pair of small horns on your
                  | head. [Xom's grace]
  1705 | D:5      | Gained mutation: You are partially covered in iridescent
                  | scales. (AC +2) [Xom's grace]
  1758 | D:5      | Found a shimmering blue altar of Sif Muna.
  1766 | D:5      | Reached skill level 1 in Evocations
  1798 | D:5      | Reached skill level 4 in Fighting
  1798 | D:5      | Reached skill level 2 in Evocations
  1885 | D:5      | Reached skill level 3 in Evocations
  1887 | D:5      | Found Dunim's Elemental Accessories.
  1936 | D:5      | Found a glowing golden altar of the Shining One.
  2081 | D:6      | Reached skill level 5 in Fighting
  2107 | D:6      | XOM: give mutations
  2107 | D:6      | Gained mutation: Your mind is acute. (Int +4, Str/Dex -1)
                  | [Xom's grace]
  2107 | D:6      | Gained mutation: Your mind is very acute. (Int +8, Str/Dex
                  | -2) [Xom's grace]
  2107 | D:6      | Gained mutation: You have a pair of horns on your head.
                  | [Xom's grace]
  2124 | D:6      | Gained mutation: You passively map the area around you.
                  | [Meteoran growth]
  2124 | D:6      | Reached XP level 9. HP: 53/74 MP: 10/10
  2237 | D:6      | Found a staircase to the Ecumenical Temple.
  2278 | D:7      | Found a transporter.
  2280 | D:7      | Noticed paps's ghost (novice OpSu)
  2306 | D:7      | Reached skill level 6 in Fighting
  2346 | D:7      | Reached skill level 11 in Unarmed Combat
  2379 | D:7      | Noticed Pikel
  2403 | D:7      | Killed Pikel
  2404 | D:7      | Reached skill level 8 in Fighting
  2407 | D:7      | Noticed a tarantella
  2501 | D:6      | Reached skill level 9 in Fighting
  2584 | D:6      | Reached XP level 10. HP: 90/92 MP: 11/11
  2624 | D:6      | XOM: give mutations
  2624 | D:6      | Gained mutation: You are robust. (+10% HP) [Xom's grace]
  2624 | D:6      | Gained mutation: You have large cloven feet. [Xom's grace]
  2624 | D:6      | Gained mutation: You expend magic power (3 MP) to
                  | strengthen your wands. [Xom's grace]
  2624 | D:6      | Gained mutation: Your natural rate of healing is unusually
                  | fast. [Xom's grace]
  2732 | D:7      | XOM: give mutations
  2732 | D:7      | Gained mutation: You are strong-willed. (Will+) [Xom's
                  | grace]
  2732 | D:7      | Gained mutation: You are highly strong-willed. (Will++)
                  | [Xom's grace]
  2732 | D:7      | Gained mutation: You are agile. (Dex +4, Str/Int -1) [Xom's
                  | grace]
  2740 | D:7      | Reached skill level 10 in Fighting
  2815 | D:7      | Found a runed translucent door.
  2816 | D:7      | Noticed Crazy Yiuf
  2860 | D:7      | Found a white marble altar of Elyvilon.
  2894 | D:7      | Found a transporter.
  2894 | D:7      | Noticed a deep troll
  2901 | D:7      | a deep troll changed into a water nymph
  2901 | D:7      | Noticed a water nymph (shapeshifter)
  2935 | D:8      | Found Uniats's Antique Weapon Shop.
  2938 | D:8      | Found Rinaumn's Armour Shop.
  2992 | D:8      | Reached skill level 11 in Fighting
  3005 | D:8      | Found Horin's Antique Armour Boutique.
  3089 | D:8      | Got the Compilation of the Jackalope
  3232 | D:7      | XOM: god gift: staff of conjuration
  3287 | D:8      | Reached skill level 12 in Fighting
  3332 | D:8      | Found Qiwo's Armour Boutique.
  3502 | D:8      | Reached skill level 1 in Transmutations
  3502 | D:8      | Reached skill level 1 in Earth Magic
  3510 | D:8      | Reached skill level 2 in Dodging
  3527 | D:8      | XOM: 2-stop teleportation journey
  3551 | D:9      | Found a transporter.
  3567 | D:9      | Found a transporter.
  3576 | D:9      | Found a transporter.
  3576 | D:9      | Found a transporter.
  3631 | D:9      | Found an iron altar of Okawaru.
  3687 | D:9      | XOM: summons 2 friendly demons
  3688 | D:9      | Reached skill level 2 in Transmutations
  3688 | D:9      | Reached skill level 2 in Earth Magic
  3727 | D:9      | Reached skill level 3 in Dodging
  3798 | D:9      | Identified a scroll of acquirement
  3798 | D:9      | Acquired the scarf of Wafiamo {rC+ rF+, Will+ Str+2}
  3842 | D:10     | Entered Level 10 of the Dungeon
  3845 | D:10     | Noticed a two-headed ogre
  3854 | D:10     | XOM: potion effect (brilliance)
  3856 | D:10     | Killed a two-headed ogre
  3857 | D:10     | Reached skill level 4 in Dodging
  3857 | D:10     | Reached skill level 3 in Transmutations
  3857 | D:10     | Reached skill level 3 in Earth Magic
  3857 | D:10     | Reached XP level 11. HP: 89/114 MP: 12/12
  3866 | D:9      | Reached skill level 4 in Transmutations
  3866 | D:9      | Reached skill level 4 in Earth Magic
  3882 | D:9      | XOM: divination: detect items
  3892 | D:9      | Found Hulonud's Book Shop.
  3901 | D:9      | Bought a book of the Earth for 396 gold pieces
  3908 | D:9      | Learned a level 6 spell: Statue Form
  4041 | D:10     | XOM: potion effect (brilliance)
  4066 | D:10     | Reached skill level 5 in Dodging
  4069 | D:10     | Reached skill level 5 in Transmutations
  4074 | D:10     | Reached skill level 5 in Earth Magic
  4155 | D:10     | Reached skill level 6 in Dodging
  4162 | D:10     | Found a shadowy altar of Dithmenos.
  4164 | D:10     | XOM: potion effect (brilliance)
  4180 | D:10     | Reached skill level 6 in Transmutations
  4180 | D:10     | Reached skill level 6 in Earth Magic
  4251 | D:10     | Identified the +8 quarterstaff of Painful Death {holy,
                  | rElec Int+2}
  4252 | D:10     | XOM: enchant monster (good)
  4330 | D:10     | Identified the orb of Plog {*Rage, rElec rPois Will- Dex+3}
  4435 | D:9      | Found a transporter.
  4439 | D:9      | Found a transporter.
  4560 | D:8      | XOM: enchant monster (bad)
  4561 | D:8      | XOM: silly message
  4568 | D:8      | Reached skill level 7 in Dodging
  4575 | D:8      | XOM: enchant monster (bad)
  4589 | D:8      | Reached skill level 7 in Transmutations
  4589 | D:8      | Reached skill level 7 in Earth Magic
  4590 | D:8      | Found a staircase to the Lair.
  4641 | Lair:1   | Entered Level 1 of the Lair of Beasts
  4654 | Lair:1   | XOM: polymorph water moccasin -> scorpion
  4714 | Lair:1   | Reached skill level 1 in Shields
  4714 | Lair:1   | Reached XP level 12. HP: 75/123 MP: 13/13
  4779 | Lair:1   | XOM: 1-stop teleportation journey
  4804 | Lair:1   | Reached skill level 2 in Shields
  4882 | Lair:1   | Found a frozen archway.
  4897 | Lair:1   | Reached skill level 3 in Shields
  4926 | IceCv    | Entered an ice cave
  4944 | IceCv    | Reached skill level 8 in Transmutations
  4944 | IceCv    | Reached skill level 8 in Earth Magic
  4946 | IceCv    | XOM: 3-stop teleportation journey
  4951 | IceCv    | XOM: destruction
  4953 | IceCv    | XOM: confusion (+ monsters)
  5023 | IceCv    | XOM: potion effect (heal wounds)
  5025 | IceCv    | XOM: noise
  5038 | IceCv    | XOM: enchant monster (bad)
  5045 | IceCv    | XOM: noise
  5054 | IceCv    | Reached skill level 9 in Transmutations
  5054 | IceCv    | Reached skill level 9 in Earth Magic
  5070 | IceCv    | XOM: chaos cloud
  5126 | IceCv    | XOM: silly message
  5133 | IceCv    | XOM: chaos cloud
  5144 | IceCv    | XOM: summons 2 hostile shadow creatures
  5145 | IceCv    | Noticed a death yak
  5145 | IceCv    | Noticed a death yak
  5145 | IceCv    | Noticed a death yak
  5207 | IceCv    | Noticed a death yak
  5207 | IceCv    | Noticed a death yak
  5216 | IceCv    | XOM: chaos cloud
  5218 | IceCv    | XOM: confusion
  5220 | IceCv    | XOM: summons friendly crimson imp
  5244 | IceCv    | XOM: noise
  5246 | IceCv    | Killed a death yak
  5247 | IceCv    | Reached skill level 10 in Transmutations
  5247 | IceCv    | Reached skill level 10 in Earth Magic
  5247 | IceCv    | Reached skill level 1 in Spellcasting
  5249 | IceCv    | Killed a death yak
  5250 | IceCv    | Reached skill level 2 in Spellcasting
  5309 | IceCv    | XOM: silly message
  5340 | IceCv    | Noticed a death yak
  5340 | IceCv    | Noticed an ironbound frostheart
  5340 | IceCv    | Noticed an ironbound frostheart
  5347 | IceCv    | XOM: cast spell 'Summon Cactus Giant'
  5353 | IceCv    | Reached XP level 13. HP: 88/130 MP: 16/18
  5353 | IceCv    | Killed a death yak
  5354 | IceCv    | Reached skill level 3 in Spellcasting
  5370 | IceCv    | Killed an ironbound frostheart
  5371 | IceCv    | Reached skill level 4 in Shields
  5382 | IceCv    | Killed an ironbound frostheart
  5383 | IceCv    | Reached skill level 4 in Spellcasting
  5396 | IceCv    | Identified the ring "Sant" {rPois SInv}
  5405 | IceCv    | Glimpsed the power of Zot.
  5448 | Lair:1   | XOM: enchant monster (bad)
  5580 | Lair:2   | Found a shimmering altar of Xom.
  5623 | Lair:2   | Reached skill level 5 in Shields
  5633 | Lair:2   | XOM: noise
  5672 | Lair:2   | Learned a level 1 spell: Apportation
  5678 | Lair:2   | Learned a level 5 spell: Lee's Rapid Deconstruction
  5717 | Lair:3   | Reached skill level 5 in Spellcasting
  5723 | Lair:3   | XOM: noise
  5726 | Lair:3   | Reached skill level 11 in Transmutations
  5726 | Lair:3   | Reached skill level 11 in Earth Magic
  5769 | Lair:4   | Reached skill level 1 in Translocations
  5799 | Lair:5   | Entered Level 5 of the Lair of Beasts
  5818 | Lair:5   | XOM: blink monster(s)
  5824 | Lair:5   | Reached skill level 6 in Spellcasting
  5829 | Lair:5   | Reached skill level 2 in Translocations
  5860 | Lair:5   | a skyshark changed into an anaconda
  5860 | Lair:5   | Noticed an anaconda
  5860 | Lair:5   | XOM: polymorph skyshark -> anaconda
  5864 | Lair:5   | Killed an anaconda
  5877 | Lair:5   | Reached skill level 3 in Translocations
  5892 | Lair:5   | XOM: 1-stop teleportation journey
  5949 | Lair:5   | Noticed a death yak
  5957 | Lair:5   | Reached skill level 7 in Spellcasting
  5961 | Lair:5   | Killed a death yak
  5966 | Lair:5   | Noticed a death yak
  5966 | Lair:5   | Noticed a death yak
  5966 | Lair:5   | Noticed a death yak
  5967 | Lair:5   | Noticed a death yak
  5967 | Lair:5   | Noticed a death yak
  5975 | Lair:5   | XOM: 1-stop teleportation journey
  5976 | Lair:5   | XOM: destruction
  5978 | Lair:5   | XOM: 5-stop teleportation journey
  5986 | Lair:5   | XOM: summons 13 friendly demons
  6030 | Lair:5   | Killed a death yak
  6031 | Lair:5   | Reached XP level 14. HP: 139/139 MP: 24/26
  6034 | Lair:5   | XOM: smoke on damage
  6044 | Lair:5   | Reached skill level 12 in Unarmed Combat
  6044 | Lair:5   | Reached skill level 12 in Transmutations
  6073 | Lair:5   | Reached skill level 8 in Spellcasting
  6135 | Lair:5   | XOM: scenery: create altars
  6156 | Lair:5   | XOM: scenery: summon butterflies
  6178 | Lair:5   | XOM: scenery: summon butterflies
  6339 | Lair:3   | Reached skill level 12 in Earth Magic
  6343 | Lair:3   | XOM: confuse monster(s)
  6392 | Lair:3   | Found a staircase to the Shoals.
  6397 | Lair:3   | Reached skill level 9 in Spellcasting
  6463 | Lair:3   | XOM: scenery: create altars
  6550 | Lair:2   | You fall into a shaft and drop 1 floor!
  6595 | Lair:3   | XOM: summons 14 friendly demons
  6698 | Lair:3   | Found a hole to the Spider Nest.
  6704 | Lair:3   | XOM: fake destruction
  6714 | Spider:1 | Entered Level 1 of the Spider Nest
  6730 | Spider:1 | Reached skill level 13 in Unarmed Combat
  6731 | Spider:1 | XOM: scenery: summon butterflies
  6732 | Spider:1 | Reached skill level 13 in Transmutations
  6732 | Spider:1 | XOM: polymorph butterfly -> river rat
  6734 | Spider:1 | XOM: fog
  6746 | Spider:1 | Reached skill level 4 in Evocations
  6757 | Spider:1 | XOM: enchant monster (good)
  6768 | Spider:1 | Learned a level 4 spell: Manifold Assault
  6782 | Spider:1 | Reached skill level 8 in Dodging
  6824 | Spider:2 | XOM: 3-stop teleportation journey
  6831 | Spider:2 | Reached XP level 15. HP: 147/147 MP: 26/29
  6833 | Spider:2 | XOM: divination: detect creatures
  6896 | Spider:2 | XOM: smoke on damage
  6905 | Spider:2 | XOM: summons 7 friendly demons
  6932 | Spider:2 | XOM: cleaving
  6944 | Spider:2 | XOM: cleaving
  6959 | Spider:2 | Reached skill level 5 in Evocations
  6983 | Spider:2 | XOM: stat loss: -1 Str (14/15)
  6988 | Spider:2 | XOM: confusion
  7003 | Spider:2 | XOM: summons friendly crimson imp
  7012 | Spider:2 | Reached skill level 4 in Translocations
  7045 | Spider:3 | Noticed a broodmother
  7060 | Spider:3 | Killed a broodmother
  7061 | Spider:3 | Reached skill level 13 in Fighting
  7133 | Spider:3 | Reached skill level 13 in Earth Magic
  7138 | Spider:3 | Noticed a ghost moth
  7144 | Spider:3 | Killed a ghost moth
  7150 | Spider:3 | Reached skill level 9 in Dodging
  7180 | Spider:3 | XOM: blink monster(s)
  7183 | Spider:3 | XOM: polymorph redback -> shapeshifter
  7188 | Spider:3 | Reached skill level 5 in Translocations
  7199 | Spider:3 | Reached skill level 6 in Evocations
  7262 | Spider:4 | Entered Level 4 of the Spider Nest
  7327 | Spider:4 | Noticed a ghost moth
  7334 | Spider:4 | Killed a ghost moth
  7335 | Spider:4 | Reached skill level 14 in Unarmed Combat
  7335 | Spider:4 | Reached skill level 6 in Translocations
  7335 | Spider:4 | Reached XP level 16. HP: 123/158 MP: 0/30
  7349 | Spider:4 | Reached skill level 7 in Evocations
  7367 | Spider:4 | XOM: summons 7 friendly demons
  7368 | Spider:4 | XOM: summons friendly quasit
  7391 | Spider:4 | XOM: scenery: create altars
  7393 | Spider:4 | XOM: potion effect (magic)
  7399 | Spider:4 | Reached skill level 10 in Dodging
  7404 | Spider:4 | XOM: god gift: potion of lignification
  7522 | Spider:4 | Noticed an emperor scorpion
  7526 | Spider:4 | Noticed an emperor scorpion
  7538 | Spider:4 | Killed an emperor scorpion
  7539 | Spider:4 | Reached skill level 7 in Translocations
  7551 | Spider:4 | Killed an emperor scorpion
  7591 | Spider:4 | Reached skill level 8 in Evocations
  7593 | Spider:4 | Reached skill level 14 in Fighting
  7642 | Spider:4 | XOM: polymorph culicivora -> harpy
  7646 | Spider:4 | XOM: silly message
  7646 | Spider:4 | Noticed an emperor scorpion
  7648 | Spider:4 | XOM: silly message
  7656 | Spider:4 | Killed an emperor scorpion
  7674 | Spider:4 | Noticed an emperor scorpion
  7675 | Spider:4 | Noticed an emperor scorpion
  7675 | Spider:4 | Noticed a ghost moth
  7677 | Spider:4 | Noticed an emperor scorpion
  7680 | Spider:4 | Killed a ghost moth
  7680 | Spider:4 | Killed an emperor scorpion
  7680 | Spider:4 | Killed an emperor scorpion
  7681 | Spider:4 | Reached skill level 15 in Unarmed Combat
  7681 | Spider:4 | Reached skill level 8 in Translocations
  7683 | Spider:4 | Noticed a ghost moth
  7688 | Spider:4 | Killed an emperor scorpion
  7691 | Spider:4 | Reached skill level 9 in Evocations
  7691 | Spider:4 | Killed a ghost moth
  7693 | Spider:4 | XOM: 2-stop teleportation journey
  7767 | Spider:4 | Reached XP level 17. HP: 169/169 MP: 10/31
  7769 | Spider:4 | XOM: enchant monster (bad)
  7790 | Spider:4 | Got a gossamer rune of Zot
  7925 | Spider:2 | XOM: 6-stop teleportation journey
  7936 | Spider:2 | Reached skill level 15 in Fighting
  8018 | Spider:1 | Reached skill level 16 in Unarmed Combat
  8047 | Spider:1 | Identified the +7 trident of Compound Interest {venom,
                  | *Slow Str+2 SInv}
  8050 | Spider:1 | XOM: 5-stop teleportation journey
  8186 | Lair:3   | Learned a level 3 spell: Vhi's Electric Charge
  8193 | Lair:3   | Learned a level 6 spell: Death Channel
  8251 | Shoals:1 | Entered Level 1 of the Shoals
  8251 | Shoals:1 | Found the +3 warlock's mirror {omnireflect}
  8251 | Shoals:1 | Found Doepnutt's Antique Weapon Emporium.
  8254 | Shoals:1 | XOM: potion effect (berserk rage)
  8264 | Shoals:1 | Reached skill level 1 in Air Magic
  8267 | Shoals:1 | Reached skill level 1 in Necromancy
  8268 | Shoals:1 | XOM: enchant monster (good)
  8332 | Shoals:1 | XOM: 6-stop teleportation journey
  8355 | Shoals:1 | Reached skill level 2 in Air Magic
  8368 | Shoals:1 | Reached skill level 2 in Necromancy
  8369 | Shoals:1 | XOM: enchant monster (bad)
  8393 | Shoals:1 | XOM: noise
  8393 | Shoals:1 | Noticed Aizul
  8406 | Shoals:1 | XOM: enchant monster (good)
  8409 | Shoals:1 | Killed Aizul
  8411 | Shoals:1 | Reached skill level 3 in Air Magic
  8445 | Shoals:1 | Learned a level 2 spell: Passwall
  8451 | Shoals:1 | Learned a level 5 spell: Borgnjor's Vile Clutch
  8491 | Shoals:1 | Found Zusonwo's Vocational Training.
  8509 | Shoals:2 | Reached skill level 3 in Necromancy
  8608 | Shoals:2 | XOM: polymorph cyclops -> glowing shapeshifter
  8609 | Shoals:2 | Reached skill level 4 in Necromancy
  8630 | Shoals:2 | XOM: scenery: create altars
  8641 | Shoals:3 | Found Gausu's Jewellery Shoppe.
  8657 | Shoals:3 | Bought the ring "Evel Riy" {rPois rCorr MP+9 Dex+6} for 932
                  | gold pieces
  8672 | Shoals:3 | XOM: 3-stop teleportation journey
  8686 | Shoals:3 | XOM: polymorph wind drake -> harpy
  8689 | Shoals:3 | Found Emuvead's Antique Armour Emporium.
  8726 | Shoals:3 | XOM: enchant monster (bad)
  8789 | Shoals:4 | Entered Level 4 of the Shoals
  8840 | Shoals:4 | Reached skill level 16 in Fighting
  8850 | Shoals:4 | Reached skill level 5 in Necromancy
  8872 | Shoals:4 | Reached skill level 17 in Unarmed Combat
  8875 | Shoals:4 | Gained mutation: You passively map a large area around you.
                  | [Meteoran growth]
  8875 | Shoals:4 | Reached XP level 18. HP: 182/182 MP: 23/32
  8885 | Shoals:4 | XOM: cleaving
  8910 | Shoals:4 | Reached skill level 6 in Necromancy
  8921 | Shoals:4 | XOM: cast spell 'Death Channel'
  8970 | Shoals:4 | Noticed a sphinx
  8970 | Shoals:4 | Noticed a sphinx
  8978 | Shoals:4 | Killed a sphinx
  8981 | Shoals:4 | Killed a sphinx
  8982 | Shoals:4 | Reached skill level 7 in Necromancy
  8985 | Shoals:4 | XOM: summons friendly quasit
  8996 | Shoals:4 | XOM: divination: detect creatures
  9015 | Shoals:4 | Identified the ring of Tarchiur {rF+ rC- Will+ EV+5}
  9019 | Shoals:4 | Got a barnacled rune of Zot
  9098 | Shoals:3 | XOM: summons 4 hostile demons
  9125 | Shoals:3 | Found Xaba's General Store.
  9161 | Shoals:2 | Noticed Donald
  9167 | Shoals:2 | XOM: potion effect (curing)
  9168 | Shoals:2 | Killed Donald
  9229 | Shoals:1 | XOM: 1-stop teleportation journey
  9267 | Shoals:1 | Noticed Josephine
  9275 | Shoals:1 | Killed Josephine
  9544 | D:11     | Reached skill level 18 in Unarmed Combat
  9564 | D:11     | XOM: divination: magic mapping
  9569 | D:11     | Reached skill level 17 in Fighting
  9572 | D:11     | Reached skill level 8 in Necromancy
  9611 | D:11     | Found a gate leading to a gauntlet.
  9613 | D:11     | XOM: 3-stop teleportation journey
  9619 | Gauntlet | Entered a Gauntlet
  9619 | Gauntlet | Found a transporter.
  9622 | Gauntlet | Found a transporter.
  9633 | Gauntlet | Identified the +1 robe of the Caustic God {Int+4 Dex+3}
  9642 | Gauntlet | Found a transporter.
  9650 | Gauntlet | Found a transporter.
  9651 | Gauntlet | Found a transporter.
  9652 | Gauntlet | Found a transporter.
  9668 | Gauntlet | Identified the staff of air "Recw" {rElec Will+ Str+3}
  9683 | Gauntlet | Found a transporter.
  9688 | Gauntlet | Identified the +2 cloak "Xej Togi" {rElec Int+3}
  9701 | Gauntlet | Identified the +3 halberd "Nalunane" {flame, Str+4 SInv}
  9706 | Gauntlet | Identified the +1 sling of Utuhaisisch {heavy, rF++ rC++
                  | Will-}
  9802 | D:11     | Found a staircase to the Orcish Mines.
  9808 | Orc:1    | Entered Level 1 of the Orcish Mines
  9862 | Orc:1    | Found Naenn's Jewellery Boutique.
  9918 | Orc:2    | Entered Level 2 of the Orcish Mines
  9949 | Orc:1    | XOM: stat loss: -1 Dex (21/22)
 10033 | Orc:2    | Found Siamash's General Store.
 10040 | Orc:2    | Reached skill level 9 in Necromancy
 10043 | Orc:2    | Bought a scroll of fear for 44 gold pieces
 10059 | Orc:2    | XOM: potion effect (magic)
 10063 | Orc:2    | Found Fubeq's Magic Scroll Shoppe.
 10066 | Orc:2    | Reached XP level 19. HP: 194/194 MP: 33/33
 10073 | Orc:2    | XOM: summons friendly white imp
 10081 | Orc:2    | XOM: summons friendly crimson imp
 10085 | Orc:2    | XOM: enchant monster (good)
 10117 | Orc:2    | Found Heheac Gon's Magic Scroll Shoppe.
 10136 | Orc:2    | Bought a scroll of teleportation for 42 gold pieces
 10136 | Orc:2    | Bought a scroll of teleportation for 42 gold pieces
 10140 | Orc:2    | Bought a scroll of blinking for 90 gold pieces
 10140 | Orc:2    | Bought a scroll of teleportation for 36 gold pieces
 10140 | Orc:2    | Bought a scroll of magic mapping for 90 gold pieces
 10140 | Orc:2    | Bought a scroll of teleportation for 36 gold pieces
 10144 | Orc:2    | Bought a scroll of magic mapping for 105 gold pieces
 10144 | Orc:2    | Bought a scroll of summoning for 133 gold pieces
 10158 | Orc:2    | Found Ledo's Assorted Antiques.
 10163 | Orc:2    | Bought a large lapis lazuli amulet for 120 gold pieces
 10364 | D:14     | Noticed Agnes
 10371 | D:14     | Killed Agnes
 10372 | D:14     | Reached skill level 10 in Necromancy
 10424 | D:14     | Found a glowing silver altar of Zin.
 10434 | D:14     | Noticed Frances
 10442 | D:14     | Killed Frances
 10443 | D:14     | Reached skill level 18 in Fighting
 10482 | D:13     | XOM: 1-stop teleportation journey
 10491 | D:13     | XOM: scenery: summon butterflies
 10511 | D:13     | XOM: give mutations
 10511 | D:13     | Lost mutation: You have a pair of horns on your head.
                  | [Xom's mischief]
 10511 | D:13     | Lost mutation: You have large cloven feet. [Xom's mischief]
 10511 | D:13     | Lost mutation: You are agile. (Dex +4, Str/Int -1) [Xom's
                  | mischief]
 10528 | D:13     | Identified the amulet of Jarghy {Spirit Drain rF+ rC+}
 10529 | D:13     | Found a glowing golden altar of the Shining One.
 10535 | D:13     | XOM: confuse monster(s)
 10645 | D:14     | XOM: confuse monster(s)
 10665 | D:14     | Noticed Snorg
 10668 | D:14     | Killed Snorg
 10674 | D:14     | XOM: confusion (+ monsters)
 10695 | D:14     | Reached skill level 11 in Necromancy
 10724 | D:14     | Found a gate to the Vaults.
 10732 | Vaults:1 | Entered Level 1 of the Vaults
 10740 | Vaults:1 | XOM: noise
 10748 | Vaults:1 | Reached skill level 6 in Shields
 10784 | Vaults:1 | Reached skill level 10 in Spellcasting
 10803 | Vaults:1 | XOM: summons friendly crimson imp
 10829 | Vaults:1 | You fall into a shaft and drop 1 floor!
 10856 | Vaults:2 | Reached skill level 11 in Dodging
 10890 | Vaults:4 | Reached XP level 20. HP: 205/205 MP: 35/35
 11007 | Vaults:5 | Entered Level 5 of the Vaults
 11020 | Vaults:5 | Noticed a golden dragon
 11027 | Vaults:5 | XOM: noise
 11035 | Vaults:5 | Killed a golden dragon
 11038 | Vaults:5 | Noticed an ancient lich
 11047 | Vaults:5 | Killed an ancient lich
 11048 | Vaults:5 | Reached skill level 7 in Shields
 11069 | Vaults:5 | Noticed a lich
 11074 | Vaults:5 | Killed a lich
 11106 | Vaults:5 | XOM: blink monster(s)
 11107 | Vaults:5 | XOM: blink monster(s)
 11127 | Vaults:5 | Reached skill level 11 in Spellcasting
 11168 | Vaults:5 | Identified the +3 hand axe "Acyhuan" {heavy, rN+ Stlth+}
 11178 | Vaults:5 | Reached skill level 12 in Necromancy
 11179 | Vaults:5 | Reached skill level 19 in Unarmed Combat
 11184 | Vaults:5 | Reached skill level 12 in Dodging
 11184 | Vaults:5 | Reached skill level 8 in Shields
 11259 | Vaults:5 | Identified the staff of conjuration "Atzo" {rElec rN++}
 11320 | Vaults:5 | XOM: noise
 11325 | Vaults:5 | XOM: summons friendly ufetubus
 11331 | Vaults:5 | XOM: confuse monster(s)
 11349 | Vaults:5 | Reached XP level 21. HP: 213/213 MP: 29/37
 11359 | Vaults:5 | Identified the staff of air "Quh Du Wamm" {rElec Str+4}
 11375 | Vaults:5 | Learned a level 2 spell: Blink
 11404 | Vaults:5 | Noticed a tentacled monstrosity
 11404 | Vaults:5 | XOM: 10-stop teleportation journey
 11435 | Vaults:5 | Identified the +0 robe of Jigiof {Regen+}
 11456 | Vaults:5 | Noticed a golden dragon
 11467 | Vaults:5 | Killed a golden dragon
 11468 | Vaults:5 | Reached skill level 9 in Shields
 11470 | Vaults:5 | Reached skill level 12 in Spellcasting
 11481 | Vaults:5 | Noticed a tentacled monstrosity
 11488 | Vaults:5 | Killed a tentacled monstrosity
 11495 | Vaults:5 | Killed a tentacled monstrosity
 11508 | Vaults:5 | Reached skill level 13 in Dodging
 11517 | Vaults:5 | Reached skill level 13 in Necromancy
 11545 | Vaults:5 | Got a silver rune of Zot
 11545 | Vaults:5 | XOM: 1-stop teleportation journey
 11591 | Vaults:5 | XOM: potion effect (brilliance)
 11609 | Vaults:5 | XOM: cleaving
 11730 | Vaults:4 | XOM: 2-stop teleportation journey
 11750 | Vaults:4 | Found Inukhiprui's Assorted Antiques.
 11858 | Vaults:1 | XOM: scenery: 1 doors open, 1 doors close
 11907 | D:15     | Entered Level 15 of the Dungeon
 11921 | D:15     | XOM: 7-stop teleportation journey
 11960 | D:14     | Noticed Roxanne
 12072 | D:15     | Found a staircase to the Depths.
 12081 | Depths:1 | Entered Level 1 of the Depths
 12090 | Depths:1 | Reached skill level 13 in Spellcasting
 12100 | Depths:1 | Reached skill level 20 in Unarmed Combat
 12113 | Depths:2 | Found a gateway to Hell.
 12115 | Depths:2 | Noticed a juggernaut
 12123 | Depths:2 | Killed a juggernaut
 12124 | Depths:2 | XOM: god gift: 49 gold pieces
 12136 | Depths:2 | XOM: fog
 12145 | Depths:2 | XOM: destruction
 12153 | Depths:2 | Reached XP level 22. HP: 199/223 MP: 40/40
 12163 | Depths:2 | Reached skill level 10 in Evocations
 12188 | Depths:4 | Entered Level 4 of the Depths
 12203 | Depths:4 | Reached skill level 14 in Dodging
 12299 | Depths:4 | Noticed a bone dragon
 12306 | Depths:4 | Noticed a bone dragon
 12313 | Depths:4 | Killed a bone dragon
 12317 | Depths:4 | XOM: confuse monster(s)
 12319 | Depths:4 | Killed a bone dragon
 12326 | Depths:4 | Found a gate to the Realm of Zot.
 12353 | Zot:1    | Entered Level 1 of the Realm of Zot
 12360 | Zot:1    | Reached skill level 14 in Spellcasting
 12363 | Zot:1    | Noticed an orb of fire
 12368 | Zot:1    | Reached skill level 11 in Evocations
 12373 | Zot:1    | Killed an orb of fire
 12409 | Zot:2    | XOM: cast spell 'Dispersal'
 12418 | Zot:2    | Reached skill level 15 in Dodging
 12422 | Zot:2    | Reached skill level 19 in Fighting
 12452 | Zot:2    | XOM: divine lightning
 12482 | Zot:3    | XOM: scenery: 1 doors open
 12487 | Zot:3    | Reached skill level 12 in Evocations
 12524 | Zot:3    | Noticed a Killer Klown
 12526 | Zot:3    | Noticed a Killer Klown
 12545 | Zot:3    | Killed a Killer Klown
 12617 | Zot:3    | Killed a Killer Klown
 12618 | Zot:3    | XOM: polymorph yellow draconian -> quicksilver ooze
 12619 | Zot:3    | Reached XP level 23. HP: 234/234 MP: 42/42
 12668 | Zot:4    | XOM: divination: detect creatures
 12696 | Zot:5    | Entered Level 5 of the Realm of Zot
 12732 | Zot:5    | XOM: potion effect (heal wounds)
 12751 | Zot:5    | XOM: blink monster(s)
 12800 | Zot:5    | XOM: cleaving
 12817 | Zot:5    | Noticed a Killer Klown
 12824 | Zot:5    | XOM: noise
 12827 | Zot:5    | Killed a Killer Klown
 12846 | Zot:5    | XOM: silly message
 12874 | Zot:5    | Noticed a curse toe
 12877 | Zot:5    | Killed a curse toe
 12986 | Zot:5    | Reached skill level 13 in Evocations
 13007 | Zot:5    | Noticed an ancient lich
 13011 | Zot:5    | Noticed an ancient lich
 13014 | Zot:5    | Killed an ancient lich
 13024 | Zot:5    | Killed an ancient lich
 13025 | Zot:5    | Reached skill level 15 in Spellcasting
 13052 | Zot:5    | Noticed a dread lich
 13060 | Zot:5    | XOM: swap monsters
 13064 | Zot:5    | Killed a dread lich
 13065 | Zot:5    | Reached skill level 16 in Dodging
 13070 | Zot:5    | XOM: fog
 13126 | Zot:5    | Reached skill level 20 in Fighting
 13202 | Zot:5    | XOM: confusion
 13206 | Zot:5    | Noticed a Killer Klown
 13209 | Zot:5    | Killed a Killer Klown
 13210 | Zot:5    | Reached skill level 21 in Unarmed Combat
 13212 | Zot:5    | Noticed an orb of fire
 13215 | Zot:5    | Noticed a Killer Klown
 13216 | Zot:5    | Noticed an ancient lich
 13218 | Zot:5    | XOM: chaos upgrade
 13224 | Zot:5    | Reached XP level 24. HP: 246/246 MP: 37/43
 13228 | Zot:5    | Killed a Killer Klown
 13231 | Zot:5    | Killed an ancient lich
 13232 | Zot:5    | Gained mutation: Your spells are a little easier to cast,
                  | but a little less powerful. [an orb of fire]
 13234 | Zot:5    | Killed an orb of fire
 13235 | Zot:5    | Noticed an orb of fire
 13236 | Zot:5    | XOM: enchant monster (bad)
 13240 | Zot:5    | XOM: enchant monster (bad)
 13242 | Zot:5    | Noticed a dread lich
 13244 | Zot:5    | XOM: divination: magic mapping
 13249 | Zot:5    | Killed an orb of fire
 13250 | Zot:5    | Reached skill level 17 in Dodging
 13255 | Zot:5    | Killed a dread lich
 13268 | Zot:5    | XOM: enchant monster (good)
 13273 | Zot:5    | Noticed a Killer Klown
 13277 | Zot:5    | Killed a Killer Klown
 13281 | Zot:5    | XOM: polymorph Orb Guardian -> iron giant
 13303 | Zot:5    | Got the Orb of Zot
 13337 | Zot:5    | XOM: confusion (+ monsters)
 13369 | Zot:5    | XOM: confusion (+ monsters)
 13399 | Zot:4    | XOM: god gift: potion of might
 13415 | Zot:3    | Noticed Cupsun the pandemonium lord
 13513 | Depths:2 | Noticed Xabaf the pandemonium lord
 13565 | D:14     | Noticed Qaigorch the pandemonium lord
 13566 | D:14     | XOM: torment (237/305 hp)
 13791 | D:$      | Escaped with the Orb!

Illustrated notes

Levels and vault maps discovered:
D:1:      heliophobic_arrival_henge, layout_basic,
          ebering_ecumenical_altar_ruins
D:2:      layout_basic
D:3:      layout_rooms, minmay_cupped
D:4:      layout_basic, bloody_makhleb, nicolae_ossuary_entry_false_entrances
D:5:      layout_rooms, nicolae_ashenzari_skybound, lemuel_doored_altar,
          mainiacjoe_overflow_boulevard, nicolae_elemental_shop
D:6:      layout_basic, temple_statues
D:7:      layout_cave_pools, elyvilon_altar_3, gammafunk_ghost_arena,
          minmay_manual_macuahuitl, uniq_pikel, uniq_crazy_yiuf_cottage
D:8:      layout_loops_ring, pf_just_have_faith, erik_lair_dragon, serial_shops,
          nicolae_shop_window_shopping, shop, shop, nicolae_shop_statue_plus,
          uniq_maurice
D:9:      layout_long_grid, mainiacjoe_overflow_surrounded_room, serial_shops,
          shop, serial_nicolae_subway, nicolae_sub_station_crystal,
          nicolae_sub_station_metal, nicolae_sub_station_stone
D:10:     minmay_the_grid_square_5x5_3x3 [minmay_the_grid_square_5x5_bracketed,
          minmay_the_grid_square_5x5_six, minmay_the_grid_square_5x5_meh,
          minmay_the_grid_square_5x5_six_small,
          minmay_the_grid_square_5x5_megaprize_hollow,
          minmay_the_grid_square_5x5_three_walls,
          minmay_the_grid_square_5x5_two_small,
          minmay_the_grid_square_5x5_three, minmay_the_grid_square_5x5_bridge],
          layout_basic, amcnicky_altar_gilded
D:11:     layout_rooms, orc_0_dummy, gauntlet_entry_generic
D:12:     layout_basic, nzn_hepliaklqana_mist_gate
D:13:     hangedman_cross_cluster, layout_gridville, serial_shops, shop
D:14:     layout_roguey, erik_vaults_2, good_gods_temple_1,
          nemelex_diamond_rough_becter, uniq_frances, uniq_roxanne, uniq_snorg,
          uniq_agnes
D:15:     grunt_enter_depths_hoard, layout_cave_pools, tso_oasis_becter
Lair:1:   layout_regular_city, portal_ice_cave_rime, infiniplex_staircase_pool
Lair:2:   minmay_lair_oklob_chamber, layout_cave_shapes, basic_altar,
          serial_bayou_shore_a, grunt_megastairs_5
Lair:3:   layout_layer_cave, elwin_shoals_entry_rooms,
          hellmonk_spider_entry_not_the_bees, grunt_megastairs_4
Lair:4:   layout_regular_city, minmay_slime_entry_oklob_open,
          lemuel_oklob_altar, lemuel_fruit_tree
Lair:5:   hangedman_lair_tendril_chambers, layout_loops_ring
Shoals:1: layout_shoals, serial_shops, shop, nicolae_shop_vocational,
          uniq_josephine, uniq_aizul
Shoals:2: layout_shoals, nicolae_shoals_bring_sunscreen, uniq_ilsuiw,
          uniq_donald
Shoals:3: layout_shoals, serial_shops, nicolae_shop_tiny_glass,
          nicolae_lakefront_shop, nicolae_take_the_stairs,
          nicolae_shop_waterfront, shop, ldierk_geyser
Shoals:4: shoals_end_hellmonk_lost_city
Spider:1: layout_spider_delve
Spider:2: layout_cave_pods
Spider:3: layout_spider_delve
Spider:4: grunt_spider_rune_circles, einodemon_crawler_minivault
Orc:1:    layout_diamond_mine, serial_shops, shop, ebering_ghost_gozag,
          minmay_shop_enchanted_jewellery
Orc:2:    hellmonk_orc_salted, layout_diamond_mine, basic_altar,
          nicolae_shop_overcharged_wands
Vaults:1: hellmonk_ghost_happy_afterlife, gammafunk_sealed_arena,
          vaults_standard_mumra_enter_the_diamond, v_misc_1,
          nicolae_vaults_network_s, v_misc_27, vaults_room_corners,
          vaults_room_semicircle, nicolae_vaults_tetromino_L_1,
          layout_vaults_quadrants
Vaults:2: minmay_crypt_entry_necro_gods, nicolae_vaults_display_case,
          vaults_dpeg_hooks, nicolae_vaults_little_squares_3,
          nicolae_vaults_tangram_1, nicolae_vaults_asterisk,
          nicolae_vaults_stairing_the_circle, ontoclasm_vaults_decontamination,
          v_pattern_1, ontoclasm_vaults_gateway, v_alt_pattern_2,
          hangedman_vaults_capsules, nicolae_vaults_trapezoid_1,
          nicolae_vaults_prndl, vaults_mumra_minichess_inversion,
          layout_vaults_omnicross, serial_shops, shop
Vaults:3: hangedman_vaults_restitches, nicolae_vaults_halls_meeting,
          nicolae_vaults_diamond_2, vaults_dpeg_diagonal, v_misc_26,
          nicolae_vaults_theta, nicolae_vaults_octothorpe,
          hangedman_vaults_snaps, vaults_room_grid, vaults_room_door_hall,
          nicolae_vaults_swerve, nicolae_vaults_door_testing_chamber,
          nicolae_vaults_trapezoid_layered, nicolae_vaults_mini_display_case,
          layout_vaults_omnibox, serial_shops, nicolae_shop_tiny_waterfront
Vaults:4: nicolae_vaults_wrenched, nicolae_vaults_network_quincunx
          [nicolae_vaults_network_quincunx_subvault,
          nicolae_vaults_network_quincunx_subvault,
          nicolae_vaults_network_quincunx_subvault,
          nicolae_vaults_network_quincunx_subvault,
          nicolae_vaults_network_quincunx_subvault],
          ontoclasm_vaults_ring_small, hangedman_vaults_restitches,
          vaults_room_ringed_pool, vaults_standard_mumra_x,
          ontoclasm_vaults_claustrophobia, v_misc_24, nicolae_vaults_prndl,
          nicolae_vaults_shock_wave, v_misc_5, layout_vaults_big_room,
          serial_shops, nicolae_shop_overgrown_old_shop, uniq_sojobo
Vaults:5
Depths:1: layout_long_grid, dk_noncrumbling_2, abyss_entry, lightli_too_deep,
          kennysheep_two_boxes, roderic_lattice_octagonal_star,
          minmay_shoptagon, uniq_saint_roka, uniq_mara
Depths:2: minmay_triangles_in_corner, layout_cave_pools, serial_rivers,
          chequers_serial_rivers_micro_a, chequers_serial_rivers_micro_b,
          chequers_serial_rivers_room_b, chequers_serial_rivers_micro_c,
          chequers_serial_rivers_small_b, abyss_entry, hell_entry, serial_shops,
          nicolae_shop_behind_doors, rand_demon_pan_entry_5, firewood_loft,
          infiniplex_staircase_zigzag_5
Depths:3: minmay_skeleton_keep, layout_gridlike, enter_ziggurat_b,
          hangedman_decor_riveting, hell_entry, abyss_entry,
          serial_bayou_shore_b, infiniplex_staircase_x, minmay_shop_star
Depths:4: grunt_zot_entry_bicorn, layout_honeycomb,
          nicolae_qazlal_eye_of_the_storm, hell_entry
Zot:1:    kennysheep_blocky_room, layout_basic,
          hangedman_zot_decor_checkerboard, st_stairs_14
Zot:2:    layout_onion_interference
Zot:3:    grunt_zot_stairs_faceoff, layout_basic, st_small_dragon_hoard_2
Zot:4:    layout_cathedral_of_symmetry, uniq_josephina
Zot:5:    layout_gridlike

Skill      XL: |  1  2  3  4  5  6  7  8  9 10 11 12 13 14 15 16 17 18 19 20 21 22 23 24 |
---------------+-------------------------------------------------------------------------+-----
Unarmed Combat | 4 5 6 7 8 10 11 13 14 15 17 18 19 20 21 | 21.8
Evocations     | 3 4 6 9 12 13 | 13.0
Fighting       | 5 9 12 13 14 16 17 18 19 20 | 20.8
Transmutations | 3 7 10 11 13 | 13.0
Earth Magic    | 3 7 10 11 12 13 | 13.0
Dodging        | 4 7 8 9 10 11 12 13 15 16 17 | 17.5
Shields        | 1 3 5 6 8 9 |  9.0
Spellcasting   | 2 7 9 10 11 13 14 15 | 15.0
Translocations | 3 6 8 |  8.0
Air Magic      | 3 |  3.0
Necromancy     | 5 9 11 12 13 | 13.2
Armour         | |  2.4

Action                     |  1- 3 |  4- 6 |  7- 9 | 10-12 | 13-15 | 16-18 | 19-21 | 22-24 || total
---------------------------+-------+-------+-------+-------+-------+-------+-------+-------++-------
  Melee: Unarmed           |   105 |    33 |   267 |   549 |   495 |   677 |   593 |   420 ||  3139
         Punch             |     3 |     2 |    14 |    14 |       |       |       |       ||    33
         Headbutt          |       |       |    37 |   142 |   144 |   166 |   219 |   148 ||   856
         Kick              |       |       |       |   202 |   181 |   262 |    53 |       ||   698
  Throw: Dart              |       |       |    15 |     5 |     4 |       |       |       ||    24
   Cast: Statue Form       |       |       |       |       |    30 |    36 |    27 |    30 ||   123
         Apportation       |       |       |       |       |    35 |    51 |    54 |    13 ||   153
         Manifold Assault  |       |       |       |       |     9 |    53 |     8 |    10 ||    80
         Vhi's Electric Ch |       |       |       |       |       |     9 |    42 |    25 ||    76
         Borgnjor's Vile C |       |       |       |       |       |     7 |    18 |    27 ||    52
         Passwall          |       |       |       |       |       |     7 |       |    11 ||    18
         Death Channel     |       |       |       |       |       |     1 |    10 |     9 ||    20
         Lee's Rapid Decon |       |       |       |       |       |       |     1 |       ||     1
         Blink             |       |       |       |       |       |       |     6 |     4 ||    10
Ability: End Transformatio |       |       |       |       |     4 |     8 |     3 |     3 ||    18
  Evoke: Piece from Xom's  |       |       |     1 |       |       |       |       |       ||     1
         Wand              |       |       |       |     3 |     3 |     2 |     2 |     8 ||    18
         Condenser vane    |       |       |       |     1 |     1 |     1 |       |     2 ||     5
         Lightning rod     |       |       |       |       |       |     2 |       |       ||     2
    Use: Scroll            |     3 |       |     5 |    14 |     9 |     6 |     3 |    16 ||    56
         Potion            |       |       |       |     6 |     2 |     1 |       |    12 ||    21
   Stab: Confused          |       |       |       |     1 |     5 |       |     6 |     1 ||    13
         Invisible         |       |       |       |     1 |       |       |       |       ||     1
         Paralysed         |       |       |       |       |     2 |       |       |       ||     2
         Petrified         |       |       |       |       |       |     2 |       |       ||     2
         Distracted        |       |       |       |       |       |     2 |     1 |     9 ||    12
 Armour: Leather armour    |    52 |     6 |    36 |       |       |       |       |       ||    94
         Chain mail        |       |       |    47 |    71 |       |       |       |       ||   118
         Troll leather arm |       |       |       |   100 |    10 |     5 |       |       ||   115
         Skin              |       |       |       |       |   427 |   375 |   264 |   231 ||  1297
         Robe              |       |       |       |       |       |       |     5 |     3 ||     8
  Dodge: Dodged            |    46 |    20 |    78 |   192 |   684 |   745 |   579 |   444 ||  2788
  Block: Other             |       |     6 |    51 |    49 |       |       |       |       ||   106
         Reflection        |       |       |     4 |     3 |       |    66 |    37 |    34 ||   144
         Buckler           |       |       |       |   124 |   431 |   646 |   382 |   212 ||  1795
